← All builds
Suicide front / Armada / Factory first / OBSERVED BUILD

Standard suicide front

Bot Lab first into Rocketeer/Centurion/Pawn to contest the middle early and hold until T2 arrives, the role's baseline play.

Usually lab first (62%)

#rush · 1185 distinct matches · 125 players · 71% of Armada Suicide front games · team won 60% of 1411 · Recently observed

HOW TO PLAY IT

Key timing: Bot Lab by 0:20

  1. Open with mex and wind, drop Bot Lab immediately.
  2. Push out first "Centurion" as Pond's boost lands.
  3. Send "Rocketeer", "Centurion", "Pawn" mix to contest middle.
  4. Add Dragon's Teeth and Sentries to hold the line.
  5. Get Advanced Metal Extractor up as T2 nears.

Phase by phase

TYPICAL OF ITS 1185 GAMES
  1. 1
  2. 2
  3. 3
PLAY THE OPENING

Follow the example game's first 6:00 step by step: what to build now, what comes next, and where it goes. At 1× it keeps pace with your own game.

  1. 1

    Bot Lab first

    Order
    1. Bot LabBot Lab done ~0:20, middle half 0:20–0:33

    Some games also: mex (37%)

  2. 2

    Bot Lab to 5:00

    Economy
    • Metal Extractor5Mex
    • Wind Turbine4Wind
    Builders
    • Construction Bot3 Con bot
    • Lazarus2 Lazarus
    Army
    • Sentry4 Sentry
    • Rocketeer18 Rocketeer
    • Tick2 Tick
    • Centurion1 Centurion
    Other
    • Radar Tower1 Radar Tower

    Some games also: con turret (35%) · pawn (31%)

    By 5:00 in all: 5 mex · 5 wind

    The example game in this phase · 30 steps
    1. Construction BotCon bot
    2. Mex
    3. Wind
    4. Construction BotCon bot
    5. SentrySentry
    6. Construction BotCon bot
    7. Mex ×2
    8. LazarusLazarus
    9. Radar TowerRadar Tower
    10. SentrySentry
    11. TickTick
    12. MaceMacefor Front
    13. Mex
    14. MaceMacefor Front
    15. Mex
    16. MaceMace
    17. Wind
    18. RocketeerRocketeer
    19. SentrySentry
    20. RocketeerRocketeer ×2
    21. Wind
    22. RocketeerRocketeer ×5
    23. TickTick
    24. RocketeerRocketeer ×2
    25. MaceMace ×3
    26. RocketeerRocketeer ×7
    27. TickTick
    28. RocketeerRocketeer ×6
    29. TickTick
    30. RocketeerRocketeer
  3. 3

    5:00 to 10:00

    Economy
    • Metal Extractor1Mex
    • Wind Turbine17Wind
    Builders
    • Construction Turret2 Con turret
    • Lazarus2 Lazarus
    • Construction Bot1 Con bot
    Army
    • Sentry1 Sentry
    • Rocketeer8 Rocketeer
    • Pawn1 Pawn

    Some games also: tick (48%) · Radar Tower (47%) · energy storage (46%) · centurion (45%) · Beamer (38%)

    By 10:00 in all: 6 mex · 23 wind · 1 energy storage · 3 con turret

    The example game in this phase · 169 steps
    1. RocketeerRocketeer ×4
    2. SentrySentry
    3. RocketeerRocketeer
    4. SentrySentry
    5. RocketeerRocketeer ×2
    6. Mex
    7. Dragon's TeethDragon's Teeth
    8. RocketeerRocketeer
    9. Dragon's TeethDragon's Teeth ×3
    10. Con turret
    11. Dragon's TeethDragon's Teeth
    12. RocketeerRocketeer
    13. Dragon's TeethDragon's Teeth ×3
    14. TickTick
    15. Dragon's TeethDragon's Teeth
    16. RocketeerRocketeer
    17. Dragon's TeethDragon's Teeth ×2
    18. MaceMace
    19. Dragon's TeethDragon's Teeth ×3
    20. Con turret
    21. Dragon's TeethDragon's Teeth
    22. MaceMace
    23. Dragon's TeethDragon's Teeth
    24. RocketeerRocketeer
    25. MaceMace
    26. SentrySentry
    27. TickTick
    28. Con turret
    29. RocketeerRocketeer ×2
    30. Wind
    31. RocketeerRocketeer
    32. Wind ×2
    33. SentrySentry
    34. RocketeerRocketeer
    35. Wind
    36. Converter
    37. RocketeerRocketeer
    38. Wind ×2
    39. RocketeerRocketeer
    40. Wind
    41. Energy storage
    42. Wind
    43. MaceMace
    44. Converter
    45. Wind ×2
    46. Dragon's TeethDragon's Teeth ×2
    47. Wind
    48. Dragon's TeethDragon's Teeth
    49. LazarusLazarus
    50. Dragon's TeethDragon's Teeth
    51. Con turret
    52. Wind
    53. Dragon's TeethDragon's Teeth
    54. Converter
    55. Dragon's TeethDragon's Teeth
    56. Wind
    57. Dragon's TeethDragon's Teeth
    58. Wind
    59. TickTick
    60. CenturionCenturion
    61. Wind
    62. Con turret
    63. Converter
    64. Wind ×4
    65. CenturionCenturion
    66. Wind ×2
    67. Converter
    68. CenturionCenturion
    69. Wind ×4
    70. TickTick
    71. Wind
    72. Energy storagefor Front
    73. CenturionCenturion
    74. Converter
    75. Wind ×4
    76. LazarusLazarus
    77. Wind ×2
    78. CenturionCenturion
    79. Converter
    80. Wind ×4
    81. CenturionCenturion
    82. Wind ×2
    83. Converter
    84. Wind ×3
    85. Dragon's TeethDragon's Teeth
    86. Wind ×2
    87. TickTick
    88. Dragon's TeethDragon's Teeth
    89. Wind
    90. Converter
    91. CenturionCenturion
    92. Wind ×5
    93. Converter
    94. Wind
    95. LazarusLazarus
    96. Wind ×3
    97. CenturionCenturion
    98. Wind ×3
    99. Advanced Metal ExtractorT2 mexdone 11:53 · typical 9:37
    100. Converter
    101. CenturionCenturion
    102. Advanced Metal ExtractorT2 mex
    103. Wind
    104. Advanced Metal ExtractorT2 mex
    105. Wind ×4
    106. Converter
    107. Dragon's TeethDragon's Teeth ×2
    108. Wind
    109. Dragon's TeethDragon's Teeth ×2
    110. Wind
    111. Dragon's TeethDragon's Teeth
    112. Wind
    113. Dragon's TeethDragon's Teeth ×2
    114. Wind
    115. Dragon's TeethDragon's Teeth
    116. Converter
    117. Dragon's TeethDragon's Teeth
    118. Wind
    119. TickTick
    120. Wind
    121. CenturionCenturion
    122. Wind
    123. Converter
    124. Dragon's TeethDragon's Teeth
    125. LazarusLazarus
    126. Wind
    127. Dragon's TeethDragon's Teeth
    128. Wind
    129. Dragon's TeethDragon's Teeth
    130. BeamerBeamer
    131. Wind ×2
    132. Dragon's TeethDragon's Teeth
    133. Converter
    134. CenturionCenturion
    135. Dragon's TeethDragon's Teeth ×2
    136. Wind
    137. Dragon's TeethDragon's Teeth
    138. Wind
    139. CenturionCenturion
    140. Dragon's TeethDragon's Teeth
    141. Wind ×2
    142. Converter
    143. TickTick
    144. Wind
    145. CenturionCenturion
    146. Wind ×3
    147. LazarusLazarus
    148. Converter
    149. CenturionCenturion
    150. Wind
    151. Advanced Metal ExtractorT2 mex
    152. Wind
    153. CenturionCenturion
    154. Wind ×2
    155. Converter
    156. Wind ×4
    157. Advanced Metal ExtractorT2 mex
    158. Converter
    159. TickTick
    160. Wind
    161. CenturionCenturion
    162. Wind ×3
    163. Converter
    164. CenturionCenturion
    165. LazarusLazarus
    166. CenturionCenturion ×2
    167. TickTick
    168. CenturionCenturion
    169. LazarusLazarus

Counts are medians over the build's games: half of them build more, half fewer. The example game is _X_'s (43 OS, 23/09/2026); pick another.

Team trades

IN AT LEAST 30% OF ITS GAMES

You hand over

Nothing regular.

You get

  • Tidal Generator4 Tidal from Pondfirst at 0:10 · in 69% of games
  • Advanced Construction Bot1 T2 con bot from Geo or Techfirst at 7:30 · in 58% of games

How it plays out

Typical game of this build, running totals by minute

Metal produced

010k20k30k
0:005:0010:0015:00

metal

Enemy metal destroyed

05k10k
0:005:0010:0015:00

metal

Own metal lost

05k10k
0:005:0010:0015:00

metal

1411 games.

Show as table
ByMetal produced: This buildEnemy metal destroyed: This buildOwn metal lost: This build
1:0022600
2:0088900
3:002056172106
4:003161660486
5:00423614131020
6:00543023271785
7:00666131792732
8:00791040353631
9:00929848164516
10:001068854265336
11:001224158986080
12:001402465176842
13:001604270137523
14:001796976808336
15:002029783029228
WHAT THE NUMBERS SAY

Standard suicide front play wins slightly more than half its games with fast kills but also fast losses, matching the raw grind of the role.

  • + First kill lands by 2:04 in all games
  • + Metal produced reaches 19882 by 15:00
  • − Own metal lost hits 9208 by 15:00, near metal destroyed of 8172
  • − First unit lost as early as 2:08 in every game
THE EXAMPLE YOU ARE READING

_X_

43.4 OS · 23/09/2026

Open source match ↗

9 received units
1090 metal received · 18370 energy received

Allied construction assistance is unknown. Timings are observations, not a promise of solo reproducibility.

Typical milestones

Bot Lab0:20Middle 50%: 0:20–0:33 · n=1405
Advanced Metal Extractor9:37Middle 50%: 8:41–10:48 · n=1035

Played most by

_X_252games of this buildPlatinumBlonde166games of this buildXad109games of this buildImmort62games of this buildwatermeloans58games of this build